 Dungeon Crawl Stone Soup version 0.27-a0-262-gc50aac273e (webtiles) character file.

Game seed: 9057477900296790658

1862 Borgoz the Slasher (level 9, -2/74 HPs)
             Began as a Ghoul Gladiator on Feb 5, 2021.
             Was a Believer of Dithmenos.
             Killed from afar by an electric eel (7 damage)
             ... with a bolt of electricity
             ... on level 7 of the Dungeon.
             The game lasted 00:09:47 (6963 turns).

Borgoz the Slasher (Ghoul Gladiator)                Turns: 6963, Time: 00:09:48

Health: -2/74      AC: 11    Str: 18    XL:     9   Next: 13%
Magic:  8/8        EV: 13    Int:  3    God:    Dithmenos [**....]
Gold:   278        SH:  6    Dex: 13    Spells: 8/8 levels left

rFire    . . .     SeeInvis .   b - +3 short sword (speed)
rCold    + . .     Faith    .   A - +2 buckler
rNeg     + + +     Spirit   .   p - +2 ring mail {Will+}
rPois    ∞         Reflect  .   c - +0 helmet
rElec    .         Harm     .   j - +0 cloak
rCorr    .         Rampage  .   (no gloves)
Will     +....                  k - +0 pair of boots
Stlth    ++........             (no amulet)
HPRegen  0.00/turn              y - ring of stealth
MPRegen  0.11/turn              (no ring)

@: wreathed by umbra
A: claws 1, cold resistance 1, negative energy resistance 3, inhibited
regeneration, torment resistance, unbreathing
a: Renounce Religion, Shadow Step


You were on level 7 of the Dungeon.
You worshipped Dithmenos.
Dithmenos was pleased with you.
You visited 2 branches of the dungeon, and saw 8 of its levels.
You also visited: Ossuary.

You collected 278 gold pieces.

Inventory:

Hand Weapons
 a - a +0 long sword
 b - a +3 short sword of speed (weapon)
Missiles
 d - a throwing net (quivered)
Armour
 c - a +0 helmet (worn)
 j - a +0 cloak (worn)
 k - a +0 pair of boots (worn)
 p - a +2 ring mail of willpower (worn)
 A - a +2 buckler (worn)
Jewellery
 y - a ring of stealth (left claw)
Wands
 m - a wand of polymorph (4)
 s - a wand of iceblast (6)
Scrolls
 e - 2 scrolls of fog {unknown}
 f - 5 scrolls of remove curse {unknown}
 g - 7 scrolls of identify {unknown}
 h - 3 scrolls of fear {unknown}
 o - 3 scrolls of immolation {unknown}
 q - 4 scrolls of teleportation
 r - 4 scrolls of enchant armour {unknown}
 t - 3 scrolls of amnesia {unknown}
 u - 3 scrolls of noise {unknown}
 v - a scroll of magic mapping
 x - a scroll of random uselessness {unknown}
Potions
 i - a potion of cancellation {unknown}
 l - a potion of attraction {unknown}
 n - 2 potions of degeneration {unknown}
 w - a potion of mutation {unknown}
 z - 2 potions of flight
 B - 2 potions of brilliance {unknown}
 C - 2 potions of magic
 E - a potion of ambrosia {unknown}


   Skills:
 + Level 5.5 Fighting
 * Level 6.8 Long Blades
 - Level 1.7 Throwing
 * Level 4.7 Armour
 * Level 5.5 Dodging
 + Level 2.0 Shields


You had 8 spell levels left.
You didn't know any spells.
Your spell library contained the following spells:

 Spells                   Type           Power        Failure   Level
 Magic Dart               Conj           0%           80%         1
 Blink                    Tloc           N/A          90%         2
 Call Imp                 Summ           0%           90%         2
 Slow                     Hex            0%           90%         2
 Conjure Flame            Conj/Fire      0%           99%         3
 Mephitic Cloud           Conj/Pois/Air  0%           99%         3


Dungeon Overview and Level Annotations

Branches:
Dungeon (7/15)             Temple (1/1) D:4         Ossuary (visited)

Altars:
Ashenzari
Cheibriados
Dithmenos
Elyvilon
Fedhas
Gozag
Hepliaklqana
Kikubaaqudgha
Makhleb
Nemelex Xobeh
Okawaru
Qazlal
Ru
Sif Muna
Trog
Uskayaw
Vehumet
Wu Jian
Xom
Yredelemnul
Zin
The Shining One


Innate Abilities, Weirdness & Mutations

You thrive by killing the living.
You are immune to poison.
You have sharp fingernails.
Your flesh is cold resistant. (rC+)
You are immune to negative energy. (rN+++)
You do not regenerate when monsters are visible.
You are immune to unholy pain and torment.
You can survive without breathing.


Message History

The bolt of electricity hits you!
* * * LOW HITPOINT WARNING * * *
You puncture the electric eel!
You kill the electric eel!
Dithmenos accepts your kill.
The electric eel shoots out a bolt of lightning at you!
The bolt of electricity hits you!
* * * LOW HITPOINT WARNING * * *
You completely miss the electric eel.
The electric eel shoots out a bolt of lightning at you!
The bolt of electricity hits you.
* * * LOW HITPOINT WARNING * * *
It was a potion of magic.
Magic courses through your body.
The electric eel shoots out a bolt of lightning at you!
The bolt of electricity misses you.
You hit the electric eel.
The electric eel is lightly wounded.
The electric eel shoots out a bolt of lightning at you!
The bolt of electricity hits you!
You die...

**≈≈≈≈≈** ***≈≈≈≈* **≈≈≈#*
**≈≈≈##* ***≈≈≈≈≈##* ########
*******≈≈≈≈≈≈≈≈≈#### #.......
,,,,,,≈,≈≈≈≈≈≈≈≈≈≈≈# #...#'#.
,,,,,,,,,≈≈≈≈≈≈;≈≈.# #...#.#.
,,,,,,,,,..≈≈≈≈≈@..# #.###.##
,,,,,,,,,...≈......#######.+.....
,,,,,,,,,..................###.##
,,,,,,,,,........†...........#.#.
,*,,>,,,,....................#'#.
,********....#.##.#.#####........
,,,,,,,,,.##.#$*#.#.# ##.#.....
***********#,#.*#.#.# #.#.....
,,,,,,,,,,,,,..,..#.# #.#.##..


You could see an electric eel.

Vanquished Creatures
  Eustachio (D:4)
  Duvessa (D:6)
  A sky beast (D:5)
  An ogre (D:6)
  2 phantoms
  Blork the orc (D:4)
  A bullfrog (D:7)
  A water moccasin zombie (Ossuary)
  A scorpion (D:2)
  Dowan (D:6)
  An electric eel (D:7)
  2 bullfrog zombies (D:5)
  2 bullfrog skeletons
  4 orc priests
  Natasha (D:3)
  An iguana (D:4)
  6 orc wizards
  5 worker ants
  3 big kobold zombies (Ossuary)
  2 mummies (Ossuary)
  A howler monkey zombie (D:6)
  A worker ant zombie (D:6)
  11 adders
  4 gnolls
  2 ufetubi
  An ooze (D:3)
  6 adder zombies
  A dart slug (D:2)
  4 leopard geckos
  26 orcs
  9 bats
  3 giant cockroaches
  3 gnoll zombies (Ossuary)
  11 goblins
  8 hobgoblins
  6 jackals
  11 kobolds
  2 quokkas
  6 frilled lizards
  A giant cockroach zombie (D:5)
  7 hobgoblin zombies (Ossuary)
  2 jackal skeletons
  6 kobold zombies (Ossuary)
  4 orc zombies (Ossuary)
  2 quokka skeletons (D:5)
  3 rats (D:2)
179 creatures vanquished.

Notes
Turn   | Place    | Note
-------+----------+-------------------------------------------
     0 | D:1      | Borgoz the Ghoul Gladiator began the quest for the Orb.
     0 | D:1      | Reached XP level 1. HP: 17/17 MP: 0/0
    19 | D:1      | Reached XP level 2. HP: 17/25 MP: 1/1
   130 | D:1      | Reached skill level 3 in Long Blades
   481 | D:1      | Reached XP level 3. HP: 30/30 MP: 2/2
   847 | D:2      | Noticed a scorpion
   870 | D:2      | Killed a scorpion
   871 | D:2      | Reached skill level 1 in Armour
   871 | D:2      | Reached XP level 4. HP: 29/38 MP: 3/3
  1068 | D:2      | Found a sacrificial altar of Ru.
  1517 | D:2      | Reached XP level 5. HP: 41/45 MP: 4/4
  2048 | D:3      | Reached skill level 4 in Long Blades
  2350 | D:3      | Noticed Natasha
  2359 | D:3      | Killed Natasha
  2376 | D:3      | Reached XP level 6. HP: 51/51 MP: 5/5
  2376 | D:3      | Found a shimmering blue altar of Sif Muna.
  2903 | D:4      | Noticed Eustachio
  2965 | D:4      | Killed Eustachio
  2966 | D:4      | Reached skill level 5 in Long Blades
  2966 | D:4      | Reached XP level 7. HP: 35/59 MP: 6/6
  3420 | D:4      | Noticed Blork the orc
  3432 | D:4      | Killed Blork the orc
  3547 | D:4      | Found a staircase to the Ecumenical Temple.
  3892 | Temple   | Entered the Ecumenical Temple
  3909 | Temple   | Became a worshipper of Dithmenos the Shadowed
  4130 | D:5      | Entered Level 5 of the Dungeon
  4648 | D:5      | Reached XP level 8. HP: 63/67 MP: 7/7
  5037 | D:6      | Noticed Duvessa
  5037 | D:6      | Noticed Dowan
  5055 | D:6      | Reached * piety under Dithmenos
  5366 | D:6      | Killed Duvessa
  5367 | D:6      | Reached skill level 5 in Fighting
  5367 | D:6      | Reached skill level 6 in Long Blades
  5755 | D:5      | Reached skill level 1 in Shields
  5795 | D:6      | Killed Dowan
  5969 | D:6      | Reached skill level 5 in Dodging
  6270 | D:6      | Found a stormy altar of Qazlal.
  6395 | D:7      | Found a shimmering altar of Xom.
  6399 | D:7      | Found a shimmering altar of Xom.
  6399 | D:7      | Found a shimmering altar of Xom.
  6399 | D:7      | Found a shimmering altar of Xom.
  6399 | D:7      | Found a shimmering altar of Xom.
  6405 | D:7      | Found a shimmering altar of Xom.
  6405 | D:7      | Found a shimmering altar of Xom.
  6531 | D:7      | Found a sand-covered staircase.
  6537 | Ossuary  | Entered an ossuary
  6658 | Ossuary  | Reached XP level 9. HP: 74/74 MP: 8/8
  6728 | Ossuary  | Reached ** piety under Dithmenos
  6963 | D:7      | Killed from afar by an electric eel

Illustrated notes

Levels and vault maps discovered:
D:1:      co_arrival_square_in_a_square_in_a_square, layout_rooms,
          due_unseen_surprise
D:2:      layout_loops_corners, nicolae_ru_sacrificial_ziggurat
D:3:      layout_loops_ring, overflow_temple_1_default,
          kennysheep_generic_room_8, uniq_natasha
D:4:      minmay_angry_zag, layout_basic, minmay_temple_entry_wispy,
          uniq_eustachio, uniq_blork_the_orc
D:5:      layout_gridville
D:6:      layout_cave_pools, nicolae_qazlal_eye_of_the_storm, uniq_duvessa
D:7:      statuecave_lemuel, layout_basic, nicolae_ossuary_entry_plus,
          nicolae_xom_altar_mimics, uniq_prince_ribbit1
Temple:   minmay_crystal_snake_temple

Skill      XL: |  1  2  3  4  5  6  7  8  9 |
---------------+----------------------------+-----
Long Blades    | 3 4 5 6 |  6.8
Dodging        | 3 4 5 |  5.5
Fighting       | 3 4 5 |  5.5
Armour         | 1 2 3 4 |  4.7
Shields        | 1 2 |  2.0
Throwing       | |  1.7

Action                   |  1- 3 |  4- 6 |  7- 9 || total
-------------------------+-------+-------+-------++-------
Melee: Long sword        |    83 |   216 |   155 ||   454
       Short sword       |       |       |   450 ||   450
Throw: Throwing net      |     3 |       |     2 ||     5
  Use: Potion            |     3 |       |     4 ||     7
       Scroll            |       |       |     3 ||     3
 Stab: Invisible         |       |       |     7 ||     7
       Held in net/web   |       |       |     1 ||     1
       Sleeping          |       |       |     3 ||     3
Armor: Leather armour    |    27 |    11 |       ||    38
       Ring mail         |       |   101 |   190 ||   291
Dodge: Dodged            |    62 |   197 |   321 ||   580
Block: Buckler           |       |       |    92 ||    92
       Rpst.: Long sword |    18 |    72 |    48 ||   138

Table legend: (Time is in decaauts)
 A = Elapsed time spent in this place.
 B = Non-inter-level travel time spent in this place.
 C = Inter-level travel time spent in this place.
 D = Time resting spent in this place.
 E = Time spent auto-exploring this place.
 F = Levels seen in this place.
 G = Mean time per level.
                   A        B        C        D        E       F      G
               +--------+--------+--------+--------+--------+-----+--------+
         Total |   6895 |   6645 |    250 |   1338 |   3795 |   9 |  766.1 |
       Dungeon |   6353 |   6141 |    212 |   1338 |   3432 |   7 |  907.6 |
        Temple |    218 |    180 |     38 |      0 |    174 |   1 |  218.0 |
       Ossuary |    322 |    322 |      0 |      0 |    189 |   1 |  322.0 |
               +--------+--------+--------+--------+--------+-----+--------+

Top non-repeatable levels by time:
     D:5: 1494 daAuts
     D:4: 1214 daAuts
     D:2: 1060 daAuts
     D:3: 876 daAuts
     D:1: 829 daAuts
     D:6: 707 daAuts
 Ossuary: 322 daAuts
  Temple: 218 daAuts
     D:7: 170 daAuts
